Map: New Gettysburg LE

Players

LiquidBunny (Bunny)

  • Race: Terran Terran
  • League: Master

LiquidSnute (Snute) - Winner!

  • Race: Zerg Zerg

Event: DreamHack ZOWIE Open Valencia 2016

VOD

Have the link to the VOD?

Description

Time

  • Played on: July 14, 2016, 2:30 p.m.
  • Length: 13:40

All games in this series

Show
View Real Time Build Order
Export as new Build Order

LiquidBunny Terran 

Build Orders: Reaper Expand, Bio Tank 

Get SALT Encoding   

  12  0:00  SCV  
  13  0:13  SCV  
  14  0:18  Supply Depot  
  14  0:25  SCV  
  15  0:40  SCV  
  15  0:41  Barracks  
  16  0:44  Refinery  
  16  0:52  SCV  
  17  1:04  SCV  
  18  1:16  SCV  
  19  1:28  Orbital Command  
  19  1:29  Reaper  
  20  1:42  Command Center  
  20  1:52  Supply Depot  
  20  1:54  SCV  
  21  2:03  Factory  
  21  2:06  SCV  
  22  2:09  Marine  
  22  2:15  Refinery  
  23  2:18  SCV  
  24  2:27  Barracks Reactor  
  24  2:30  SCV  
  25  2:43  SCV  
  26  2:55  Orbital Command, Starport  
  26  2:56  SCV  
  27  3:01  Widow Mine  
  27  3:03  Marine  
  27  3:04  Marine  
  31  3:08  SCV  
  32  3:18  Command Center  
  32  3:20  SCV  
  32  3:22  Marine  
  32  3:23  Marine  
  32  3:26  SCV  
  36  3:35  SCV  
  36  3:39  SCV  
  35  3:41  Medivac  
  35  3:42  Marine x2  
  35  3:47  Factory Tech Lab, SCV  
  40  3:51  SCV  
  41  3:59  SCV  
  41  4:01  Supply Depot  
  41  4:02  Marine x2  
  43  4:07  SCV  
  44  4:12  SCV  
  45  4:19  SCV  
  45  4:21  Supply Depot  
  45  4:23  Marine x2, Siege Tank  
  45  4:24  SCV  
  52  4:30  Viking  
  54  4:40  Engineering Bay  
  54  4:42  Marine x2, Engineering Bay  
  54  4:43  SCV x2  
  58  4:52  Orbital Command  
  58  4:55  SCV x2  
  60  5:02  Starport Reactor  
  60  5:07  SCV x2  
  60  5:08  Refinery  
  60  5:09  Barracks  
  60  5:10  Refinery, Barracks  
  60  5:13  Barracks Tech Lab  
  62  5:18  Orbital Command  
  62  5:19  SCV  
  62  5:20  Supply Depot, SCV  
  62  5:21  Supply Depot  
  64  5:26  Terran Infantry Armor Level 1, Terran Infantry Weapons Level 1  
  64  5:28  Orbital Command  
  64  5:31  SCV  
  64  5:32  SCV  
  64  5:34  Barracks  
  66  5:36  Barracks  
  66  5:39  Stimpack, Marine  
  65  5:43  SCV  
  65  5:44  SCV  
  67  5:55  SCV x2  
  67  5:56  SCV  
  70  5:57  Marine  
  70  5:59  Marine x2, Barracks Reactor  
  70  6:01  Siege Tank  
  76  6:05  Factory  
  76  6:07  SCV x2  
  76  6:09  SCV, Refinery  
  79  6:15  Marine  
  80  6:19  SCV  
  80  6:20  SCV, Marine x2  
  80  6:22  Supply Depot  
  80  6:24  SCV  
  85  6:26  Barracks Reactor x2  
  85  6:27  Armory  
  85  6:32  Medivac  
  87  6:33  Marine  
  87  6:34  SCV  
  87  6:37  Marine  
  87  6:38  Marine  
  91  6:42  Marine x2  
  91  6:43  SCV  
  91  6:44  SCV  
  91  6:46  SCV  
  95  6:48  Siege Tank  
  95  6:50  Supply Depot  
  95  6:51  Marine  
  95  6:52  Supply Depot  
  99  6:54  Factory Tech Lab  
  99  6:55  SCV, Marine  
  99  6:56  Marine  
  99  6:58  Medivac  
  99  6:59  Marine  
  105  7:01  Marine  
  105  7:06  Marine  
  105  7:07  SCV x2  
  109  7:11  Bunker  
  109  7:12  SCV  
  109  7:13  Marine  
  111  7:16  Medivac  
  111  7:17  Marine  
  111  7:18  Marine x2  
  111  7:19  Marine x4  
  123  7:22  Terran Infantry Weapons Level 2  
  123  7:24  Marine, Terran Infantry Armor Level 2  
  123  7:29  Supply Depot  
  121  7:30  Supply Depot, Marine  
  121  7:35  Marine x2  
  121  7:36  Marine x3  
  126  7:40  Marine x2  
  126  7:41  Medivac  
  131  7:45  Combat Shields  
  131  7:47  Marine  
  131  7:48  Marine  
  133  7:53  Marine x2  
  133  7:54  Marine x2  
  133  7:56  Medivac  
  133  7:57  Marine  
  140  7:58  Marine  
  140  8:04  Marine x2, Siege Tank  
  146  8:09  Marine  
  146  8:11  Marine  
  146  8:12  Marine  
  149  8:19  Supply Depot, Terran Vehicle Weapons Level 1  
  149  8:20  Supply Depot, Marine x2, Siege Tank  
  149  8:22  Medivac  
  149  8:25  Marine  
  157  8:34  Command Center  
  157  8:40  Marine  
  158  8:43  Marine x2  
  158  8:44  Marine  
  158  8:45  Marine  
  162  8:50  Siege Tank  
  162  8:52  Marine x2  
  162  8:55  Marine x2  
  169  9:04  Marine x2  
  171  9:12  Siege Tank  
  167  9:22  Siege Tank  
  167  9:24  Marine x5  
  162  9:25  Marine x2  
  162  9:29  Marine  
  162  9:30  Starport, Barracks x2  
  169  9:31  Marine, Starport  
  164  9:41  Marine  
  164  9:42  Marine x4  
  164  9:43  Marine x2  
  174  9:45  Siege Tank  
  174  9:47  Marine  
  174  9:54  Siege Tank  
  174  9:59  Marine x2  
  174  10:00  Marauder  
  174  10:02  Marine x2  
  174  10:03  Marine, SCV  
  174  10:05  Marine x2  
  174  10:06  Marine  
  157  10:07  SCV  
  133  10:17  Marine x2, Siege Tank  
  133  10:20  Marine x3  
  139  10:21  Marauder  
  139  10:22  Starport Reactor, Starport Tech Lab  
  139  10:24  Terran Ship Weapons Level 1  
  139  10:25  Fusion Core  
  139  10:26  Siege Tank, Barracks Tech Lab  
  139  10:27  Barracks Tech Lab  
  144  10:29  Armory  
  144  10:34  Marine  
  144  10:35  Marine x2  
  145  10:36  Marine  
  148  10:42  Marine  
  156  10:51  Terran Infantry Weapons Level 3  
  156  10:52  Siege Tank  
  156  10:56  Refinery  
  152  10:59  Refinery  
  152  11:00  Refinery  
  152  11:02  Command Center  
  152  11:17  Planetary Fortress  
  152  11:22  Marine x2  
  152  11:24  Marine  
  155  11:31  Marine  
  155  11:32  Marine, Marauder  
  159  11:35  Medivac x2  
  159  11:38  Marine x2  
  160  11:40  Medivac x2  
  160  11:42  Marine  
  160  11:43  Marine x2  
  160  11:44  Marine  
  156  11:48  Marine x2  
  156  11:49  Marine  
  156  11:51  Liberator x2  
  157  11:56  Engineering Bay  
  156  12:02  Marine x2, Marauder  
  156  12:03  Liberator  
  156  12:07  Medivac  
  159  12:08  Liberator  
  159  12:09  Marine x2  
  159  12:10  Marauder  
  159  12:12  Marine x3  
  156  12:19  Advanced Ballistics  
  147  12:46  Marine x2, Marauder  
  133  12:52  Marine x3  
  133  12:53  Marine x2, Marauder x2  
  133  12:54  Marine  
  110  13:04  Marine x2  
  104  13:07  Marine  
  104  13:10  Marine x3  
  104  13:11  Marine x2  
  104  13:12  Marine  
  107  13:14  Marauder  
Show
View Real Time Build Order
Export as new Build Order

LiquidSnute Zerg - Winner!

Build Orders: Hatch First 

Get SALT Encoding   

  12  0:00  Drone  
  13  0:12  Overlord  
  13  0:17  Drone  
  14  0:31  Drone x2  
  14  0:34  Drone  
  17  0:52  Hatchery  
  17  0:55  Drone  
  17  0:58  Drone  
  17  1:00  Extractor  
  17  1:14  Spawning Pool  
  17  1:17  Drone  
  17  1:21  Drone  
  18  1:28  Drone  
  19  1:38  Overlord  
  19  2:01  Zergling x4, Queen  
  21  2:02  Metabolic Boost  
  21  2:05  Queen  
  25  2:11  Drone  
  25  2:15  Overlord  
  26  2:22  Drone  
  27  2:29  Drone x2  
  29  2:32  Drone  
  30  2:37  Drone  
  30  2:41  Queen  
  33  2:45  Zergling x2  
  33  2:49  Drone  
  35  2:53  Overlord  
  35  2:59  Pneumatized Carapace  
  35  3:06  Drone x2  
  35  3:08  Drone  
  35  3:09  Drone x2  
  35  3:11  Drone  
  41  3:13  Drone  
  41  3:15  Drone  
  43  3:21  Overlord  
  43  3:22  Drone  
  44  3:32  Zergling x6  
  45  3:41  Hatchery  
  45  3:42  Drone  
  45  3:45  Drone x2  
  45  3:48  Drone  
  48  3:50  Drone  
  48  3:53  Drone  
  48  3:54  Drone  
  52  3:55  Drone  
  52  3:58  Drone  
  52  4:00  Drone  
  53  4:05  Drone  
  53  4:07  Drone  
  55  4:11  Queen  
  55  4:12  Evolution Chamber x2  
  55  4:16  Overlord  
  55  4:21  Queen  
  57  4:25  Overlord  
  57  4:27  Drone x2  
  57  4:28  Drone  
  60  4:35  Zergling x6  
  63  4:38  Zerg Ground Armor Level 1  
  63  4:40  Zergling x2, Spore Crawler  
  63  4:48  Zergling x4  
  63  4:52  Zerg Missile Weapons Level 1  
  65  4:59  Drone  
  65  5:00  Drone x4  
  65  5:03  Drone  
  65  5:05  Drone  
  71  5:07  Drone x3  
  71  5:10  Overlord  
  71  5:12  Lair  
  71  5:14  Drone x2  
  76  5:21  Overlord  
  76  5:24  Drone  
  76  5:26  Drone  
  78  5:31  Overlord  
  78  5:32  Extractor  
  78  5:34  Drone x6, Extractor x2  
  80  5:36  Drone, Roach Warren  
  80  5:37  Drone, Extractor  
  80  5:38  Extractor  
  80  5:41  Drone x3  
  82  5:46  Drone  
  82  5:47  Drone  
  82  5:49  Drone  
  85  5:59  Hatchery  
  85  6:01  Drone x5  
  89  6:05  Queen  
  89  6:06  Queen  
  93  6:15  Infestation Pit  
  93  6:16  Glial Reconstitution  
  91  6:18  Roach  
  91  6:19  Roach x2  
  91  6:24  Overlord  
  97  6:28  Overlord x3  
  96  6:35  Overlord  
  96  6:36  Zergling x2  
  96  6:38  Overlord  
  96  6:42  Overlord  
  96  6:46  Roach x6  
  108  6:48  Zerg Ground Armor Level 2  
  108  6:49  Zerg Missile Weapons Level 2  
  108  6:51  Roach  
  108  6:52  Roach x2  
  114  6:56  Ravager  
  115  7:05  Roach x4  
  123  7:13  Roach x6  
  135  7:18  Drone x2  
  135  7:22  Roach x2  
  143  7:23  Roach x3  
  147  7:30  Extractor  
  147  7:31  Roach, Extractor  
  147  7:35  Queen x2  
  147  7:36  Overlord x3  
  151  7:41  Infestor x2  
  154  7:45  Queen x2  
  154  7:48  Roach  
  154  7:50  Overlord x2  
  159  7:56  Roach x3  
  165  8:02  Overlord x2  
  165  8:03  Ravager  
  165  8:04  Ravager x2  
  165  8:05  Ravager  
  169  8:08  Roach x4  
  177  8:12  Spore Crawler  
  177  8:16  Roach x3  
  177  8:17  Roach  
  177  8:18  Ravager  
  177  8:19  Ravager  
  186  8:21  Roach x2  
  186  8:25  Roach x2  
  194  8:33  Hive  
  194  8:41  Spire  
  189  9:04  Ravager x3  
  189  9:05  Ravager x3  
  189  9:06  Roach x2  
  195  9:22  Roach x6  
  200  9:43  Spore Crawler  
  199  9:47  Spore Crawler  
  199  9:48  Zerg Missile Weapons Level 3, Spore Crawler, Zerg Ground Armor Level 3  
  191  10:05  Roach x2  
  191  10:06  Roach x10  
  178  10:12  Infestor x3  
  167  10:19  Roach x5  
  167  10:20  Roach x6  
  189  10:23  Drone  
  189  10:24  Drone x8  
  189  10:26  Drone  
  199  10:31  Greater Spire  
  199  10:33  Ravager  
  186  10:44  Ravager x2  
  188  10:54  Ravager  
  188  10:55  Roach x5, Ravager  
  196  12:14  Corruptor x12  
  196  12:36  Roach x2  
  200  12:39  Hatchery  
  169  13:09  Roach x6  
  174  13:18  Roach  
  174  13:19  Roach x3  

Tags
 
Add a new tag
Caveats
  • Supply blocks, unpowered buildings, or Contaminate may cause inaccurate times.
  • Supply counts are checked every 10 seconds.